 Dungeon Crawl Stone Soup version 0.27.0-1-g7a089689b8 (webtiles) character file.

Game seed: 8903967719200005605

16 Malachi the Skirmisher (level 2, 0/25 HPs)
             Began as a Palentonga Fighter on Aug 15, 2021.
             Succumbed to a gnoll's poison
             ... on level 1 of the Dungeon.
             The game lasted 00:00:29 (358 turns).

Malachi the Skirmisher (Palentonga Fighter)          Turns: 358, Time: 00:00:29

Health: 0/25       AC:  7    Str: 19    XL:     2   Next: 37%
Magic:  2/2        EV:  5    Int:  8    God:
Gold:   31         SH:  8    Dex:  9    Spells: 1/1 levels left

rFire    . . .     SeeInvis +   a - +0 war axe
rCold    . . .     Faith    .   c - +0 kite shield
rNeg     . . .     Spirit   .   b - +0 scale mail
rPois    .         Reflect  .   (no helmet)
rElec    .         Harm     .   e - +0 cloak
rCorr    .         Rampage  .   (no gloves)
Will     .....                  (no barding)
Stlth    ..........             (no amulet)
HPRegen  0.08/turn              (no ring)
MPRegen  0.08/turn              (no ring)

@: lethally poisoned (0 -> -16)
A: large, rugged brown scales 3, see invisible, deformed body, roll 1, armoured
tail
a: Rolling Charge


You were on level 1 of the Dungeon.
You visited 1 branch of the dungeon, and saw 1 of its levels.

You collected 31 gold pieces.

Inventory:

Hand Weapons
 a - a +0 war axe (weapon)
Armour
 b - a +0 scale mail (worn)
 c - a +0 kite shield (worn)
 e - a +0 cloak (worn)
Scrolls
 f - a scroll of teleportation {unknown}
 g - a scroll of amnesia {unknown}
Potions
 d - a potion of might


   Skills:
 + Level 3.2 Fighting
 + Level 2.0 Axes
 + Level 2.5 Armour
 + Level 2.8 Shields


You had one spell level left.
You didn't know any spells.
Your spell library was empty.

Dungeon Overview and Level Annotations

Branches:
Dungeon (1/15)

Altars:


Innate Abilities, Weirdness & Mutations

You are completely covered in rugged brown scales. (AC +3, +7% HP)
You have supernaturally acute eyesight. (SInv)
Armour fits poorly on your strangely shaped body.
You can roll at nearby foes to attack.
You have a long armoured tail.


Message History

No target in view!
A giant cockroach comes into view.
A giant cockroach is nearby!
A giant cockroach is nearby!
A giant cockroach is nearby!
A gnoll comes into view. It is wielding a +0 spear of venom.
The gnoll shouts!
You block the giant cockroach's attack.
Found a dagger.
You closely miss the giant cockroach.
The giant cockroach bites you but does no damage.
You block the gnoll's attack.
The giant cockroach bites you but does no damage.
You completely miss the giant cockroach.
You block the gnoll's attack.
The giant cockroach bites you but does no damage.
The gnoll hits you from afar with a +0 spear of venom.
You are poisoned.
The giant cockroach barely misses you.
You closely miss the giant cockroach.
You feel very sick.
The giant cockroach bites you but does no damage.
The gnoll hits you but does no damage.
You are more poisoned.
You block the giant cockroach's attack. You block the gnoll's attack.
You hit the giant cockroach.
The giant cockroach is heavily wounded.
You feel very sick.
The giant cockroach bites you but does no damage.
You block the gnoll's attack. You block the giant cockroach's attack.
You closely miss the giant cockroach.
The giant cockroach is heavily wounded.
You feel very sick.
The gnoll hits you from afar with a +0 spear of venom.
You are lethally poisoned!
The giant cockroach bites you but does no damage.
The gnoll hits you from afar with a +0 spear of venom.
* * * LOW HITPOINT WARNING * * *
The giant cockroach bites you but does no damage.
You die...

####### #.....#
##.....#
#......#
####......#
#.........#####
#...gB........#
#...###@.####)
#. ##.# #.# #.#
#)# #.### #...#
###.# # #.####
#.##


You could see a gnoll and a giant cockroach.

Vanquished Creatures
  A bat (D:1)
  An endoplasm (D:1)
  4 jackals (D:1)
  A kobold (D:1)
  2 quokkas (D:1)
  A ball python (D:1)
  2 frilled lizards (D:1)
  2 rats (D:1)
14 creatures vanquished.

Notes
Turn   | Place    | Note
-------+----------+-------------------------------------------
     0 | D:1      | Malachi the Palentonga Fighter began the quest for the Orb.
     0 | D:1      | Reached XP level 1. HP: 19/19 MP: 1/1
   183 | D:1      | Reached XP level 2. HP: 24/25 MP: 2/2
   358 | D:1      | Succumbed to a gnoll's poison

Illustrated notes

Levels and vault maps discovered:
D:1:      dpeg_arrival_court, layout_rooms, shapermc_ecumenical_altar_petra

Action                   || total
-------------------------++-------
Melee: War axe           ||    35
       Tailslap          ||     3
Armor: Scale mail        ||    26
Dodge: Dodged            ||    12
Block: Kite shield       ||    23
